AoeStats
← NickN1ght0ne

Four Lakes

508772533Analyzed
1v1 RM · 8d ago on Sep 24, 2026· 38m 2s· 2 players
Game mode
Random Map
Map size
Tiny (2 player)
Population
200
Speed
Normal
Resources
Standard
Victory
Conquest
Starting age
Dark Age
Ending age
Imperial Age
RankedLock teamsTeams togetherTeam positionsShared explorationLock speedFull tech treeHidden civsTurbo modeCheats
Victory
Defeat
🇩🇪 Franks · Germany
469
+19
🇨🇱 Teutons · Chile
534
-19
NickN1ght0ne
10:40 Feudal Age
11:52 Double-Bit Axe
14:29 Forging
14:28 Scale Barding Armor
23:41 Castle Age
24:26 Husbandry
25:59 Gold Mining
26:25 Bow Saw
29:54 Wheelbarrow
30:07 Gold Shaft Mining
35:27 Hand Cart
36:07 Stone Mining
41:01 Imperial Age
fv.estrada.99
11:49 Feudal Age
12:15 Horse Collar
12:23 Double-Bit Axe
14:31 Fishing Lines
15:46 Loom
22:26 Bloodlines
30:27 Castle Age
29:02 Arson
30:41 Pikeman
34:15 Gambesons
34:30 Squires
Connection lost

Rejoining the realm…

Still unreachable

The connection could not be restored.

Session expired

The server has moved on; the page needs a fresh start.